 Dungeon Crawl Stone Soup version 0.31.0-9-g3a7656b989 (webtiles) character file.

Game seed: 13471034010979856351

299 FinalFate the Grave Robber (level 6, -2/32 HPs)
             Began as a Deep Elf Necromancer on Feb 2, 2024.
             Was a Plaything of Xom.
             Slain by CaptainMV's ghost (4 damage)
             ... on level 4 of the Dungeon.
             The game lasted 00:20:07 (3685 turns).

FinalFate the Grave Robber (Deep Elf Necromancer)   Turns: 3685, Time: 00:20:08

Health: -2/32      AC:  5    Str:  5      XL:     6   Next: 13%
Magic:  12/17      EV: 12    Int: 22      God:    Xom [..*...]
Gold:   140        SH:  0    Dex: 11 (15) Spells: 2/17 levels left

rFire   . . .        i - +2 short sword (venom)
rCold   + . .        (no shield)
rNeg    . . .        u - +2 robe {rC+}
rPois   +            (no helmet)
rElec   .            (no cloak)
rCorr   .            e - +0 pair of gloves
SInv    .            (no boots)
Will    .....        (no amulet)
Stlth   ++           h - ring of poison resistance
HPRegen 0.25/turn    (no ring)
MPRegen 0.15/turn

%: no passive effects
@: weak-willed, animating dead, enlightened, flying
A: no striking features
a: Renounce Religion


You were on level 4 of the Dungeon.
You worshipped Xom.
You were a toy of Xom.
You visited 2 branches of the dungeon, and saw 5 of its levels.

You collected 140 gold pieces.

Inventory:

Hand Weapons
 i - a +2 short sword of venom (weapon)
Armour
 a - a +0 robe
 c - +0 ice dragon scales
 e - a +0 pair of gloves (worn)
 k - a +0 robe of cold resistance
 u - a +2 robe of cold resistance (worn)
Jewellery
 d - an amulet of guardian spirit
 h - a ring of poison resistance (left hand)
 m - a ring of fire
Wands
 t - a wand of flame (13)
Scrolls
 f - a scroll of brand weapon {unknown}
 g - a scroll of enchant armour {unknown}
 j - a scroll of torment {unknown}
 l - 3 scrolls of identify {unknown}
 p - 2 scrolls of noise {unknown}
 s - a scroll of immolation {unknown}
 v - a scroll of acquirement {unknown}
Potions
 b - a potion of magic
 n - a potion of curing {unknown}
 o - a potion of heal wounds {unknown}
 q - a potion of enlightenment
 r - a potion of degeneration {unknown}


   Skills:
 * Level 0.1 Fighting
 * Level 0.8 Short Blades
 + Level 2.5 Dodging
 + Level 2.4 Stealth
 * Level 6.2 Spellcasting
 * Level 2.2 Hexes
 * Level 6.7 Necromancy


You had 2 spell levels left.
You knew the following spells:

 Your Spells              Type           Power      Damage    Failure   Level
a - Necrotise             Necr           100%       1d9       1%          1
b - Jinxbite              Hex            32%        N/A       5%          2
c - Vampiric Draining     Necr           36%        2d8       1%          3
d - Animate Dead          Necr           36%        N/A       5%          4
e - Curse of Agony        Necr           36%        N/A       16%         5

Your spell library contained the following spells:

 Spells                   Type           Power      Damage    Failure   Level
 Ensorcelled Hibernation  Hex/Ice        22%        N/A       9%          2
 Gell's Gravitas          Tloc           6%         N/A       26%         3
 Passwall                 Erth           6%         N/A       26%         3
 Swiftness                Air            6%         N/A       26%         3
 Teleport Other           Tloc           6%         N/A       26%         3
 Yara's Violent Unravell  Hex/Alch       5%         3d4       83%         5
 Dispersal                Tloc           3%         N/A       100%        6
 Enfeeble                 Hex            8%         N/A       100%        7


Dungeon Overview and Level Annotations

Branches:
Dungeon (4/15)             Temple (1/1) D:4

Altars:
Cheibriados
Elyvilon
Fedhas
Hepliaklqana
Kikubaaqudgha
Makhleb
Qazlal
Ru
Sif Muna
Uskayaw
Wu Jian
Xom
Zin
The Shining One

Annotations:
D:4 CaptainMV's ghost, amateur DsWn


Message History

Confirm with . or Enter, or press ? or * to list all spells.
Okay, then.
The quasit attacks as it pursues you!
The quasit bites you but does no damage.
The quasit claws you but does no damage.
The quasit claws you.
You feel clumsy. The quasit closely misses you. The quasit barely misses you.
The quasit closely misses you.
You closely miss the quasit. The quasit completely misses you.
The quasit closely misses you.
The quasit claws you but does no damage.
CaptainMV's ghost says, "To die, to sleep, no more."
The quasit closely misses you.
The quasit claws you but does no damage.
The quasit barely misses you.
You miss the quasit.
The quasit bites you but does no damage.
The quasit claws you but does no damage. x2
The quasit bites you.
You emit a cloud of colourful smoke!
The quasit closely misses you. x2; CaptainMV's ghost hits you!
* * * LOW HITPOINT WARNING * * *
You hit the quasit but do no damage. The quasit barely misses you.
The quasit claws you.
* * * LOW HITPOINT WARNING * * *
The quasit claws you but does no damage.
The quasit barely misses you. x2
The quasit claws you but does no damage.
CaptainMV's ghost hits you but does no damage.
It was a potion of enlightenment.
You feel very buoyant.
You fly up into the air.
The quasit closely misses you. The quasit misses you.
The quasit closely misses you.
The quasit bites you but does no damage.
The quasit closely misses you. The quasit claws you.
* * * LOW HITPOINT WARNING * * *
CaptainMV's ghost hits you.
You die...
Xom laughs nastily!

#..$#... ## #..##..#
..## #########..# .. ...
...........# .#.##..#
...........##.#...#.#
...8.8.8....#(#.....##
....⌠.⌠....©#?=.©#...#
...8.>.8....#.?#55.#
##..⌠.⌠....##..W@§#.#
#..8.8.8...#..#§#§..#
#..........#. #.#...#
#..#..###..## .. ...#.
.......##...###...###...
#####.........#####....#
#####.....#.#..........#
..........#.#..........#
###.......#............#


You could see 2 quasits and CaptainMV's ghost.

Vanquished Creatures
  A quasit (D:4)
  A hound (D:4)
  A sleepcap (D:4)
  An iguana (D:4)
  3 orc wizards (D:3)
  4 adders
  A ribbon worm (D:2)
  3 dart slugs
  5 orcs (D:3)
  4 ball pythons
  8 bats
  4 endoplasms
  6 giant cockroaches
  A hobgoblin (D:1)
  5 kobolds
  A quokka (D:1)
  3 frilled lizards
  7 goblins
  5 rats
64 creatures vanquished.

Vanquished Creatures (collateral kills)
  An endoplasm (D:2)
  A ball python (D:3)
  A frilled lizard (D:1)
3 creatures vanquished.

Vanquished Creatures (others)
  A giant cockroach zombie (D:3)
  An orc zombie (D:3)
2 creatures vanquished.

Grand Total: 69 creatures vanquished

Notes
Turn   | Place    | Note
-------+----------+-------------------------------------------
     0 | D:1      | FinalFate the Deep Elf Necromancer began the quest for the
                  | Orb.
     0 | D:1      | Reached XP level 1. HP: 10/10 MP: 6/6
    89 | D:1      | Reached skill level 5 in Necromancy
   252 | D:1      | Reached XP level 2. HP: 15/15 MP: 6/8
  1341 | D:2      | Reached XP level 3. HP: 19/19 MP: 8/10
  1483 | D:2      | Learned a level 2 spell: Jinxbite
  1707 | D:2      | Learned a level 3 spell: Vampiric Draining
  1999 | D:2      | Reached skill level 1 in Hexes
  1999 | D:2      | Reached XP level 4. HP: 21/24 MP: 6/12
  2078 | D:2      | Learned a level 4 spell: Animate Dead
  2324 | D:3      | Found a faded altar of an unknown god.
  2637 | D:3      | Found a blossoming altar of Fedhas.
  3091 | D:3      | Reached skill level 5 in Spellcasting
  3091 | D:3      | Reached XP level 5. HP: 11/28 MP: 10/14
  3423 | D:4      | Reached XP level 6. HP: 19/32 MP: 6/17
  3429 | D:4      | Learned a level 5 spell: Curse of Agony
  3513 | D:4      | Found a staircase to the Ecumenical Temple.
  3514 | D:4      | Found a transporter.
  3518 | D:4      | Noticed CaptainMV's ghost (amateur DsWn)
  3539 | Temple   | Entered the Ecumenical Temple
  3659 | Temple   | Became a worshipper of Xom of Chaos
  3683 | D:4      | XOM: smoke on damage
  3685 | D:4      | Slain by CaptainMV's ghost

Illustrated notes

Levels and vault maps discovered:
D:1:      dpeg_arrival_line_fractal, layout_basic
D:2:      layout_basic, st_stairs_11
D:3:      layout_basic, overflow_temple_1_default,
          ebering_ecumenical_altar_mist, serial_glass, glass_columns_c,
          glass_columns_a, glass_columns_a, glass_columns_c, glass_columns_a,
          glass_columns_a, glass_columns_b, glass_columns_a, glass_columns_b,
          glass_columns_b, kennysheep_generic_room_9
D:4:      layout_rooms, minmay_temple_entry_statues_fountains,
          gammafunk_ghost_stat_death, minmay_hedge_maze
Temple:   cyrus_circular_temple

Skill      XL: |  1  2  3  4  5 |
---------------+----------------+-----
Necromancy     | 5 6 |  6.7
Spellcasting   | 4 5 6 |  6.2
Hexes          | 1 2 |  2.2
Fighting       | |  0.1
Short Blades   | |  0.8
Dodging        | |  2.5
Stealth        | |  2.4

Action                     |  1- 3 |  4- 6 || total
---------------------------+-------+-------++-------
  Melee: Short sword       |     5 |    19 ||    24
         Unarmed           |     1 |       ||     1
   Cast: Necrotise         |    63 |    45 ||   108
         Jinxbite          |     1 |     2 ||     3
         Animate Dead      |       |     2 ||     2
         Vampiric Draining |       |     2 ||     2
    Use: Potion            |       |     1 ||     1
 Armour: Robe              |     6 |    56 ||    62
  Dodge: Dodged            |    16 |    48 ||    64
